 Dungeon Crawl Stone Soup version 0.31.0-32-g396128a36d (webtiles) character file.

Game seed: 18150692892903149099

1458 monsoonserge the Arsonist (level 8, 0/54 HPs)
             Began as an Octopode Cinder Acolyte on Mar 18, 2024.
             Was a High Priest of Ignis.
             Slain by Edmund
             ... wielding a +3 dire flail of venom
              (8 damage)
             ... on level 5 of the Dungeon.
             The game lasted 00:17:48 (5670 turns).

monsoonserge the Arsonist (Octopode Cinder Acolyte) Turns: 5670, Time: 00:17:48

Health: 0/54       AC:  1    Str: 16    XL:     8   Next: 76%
Magic:  0/12       EV: 13    Int: 16    God:    Ignis [*****.]
Gold:   222        SH:  0    Dex: 13    Spells: 8/13 levels left

rFire   + . .        a - -1 mace (flame)
rCold   . . .        (no shield)
rNeg    + . .        (helmet restricted)
rPois   +            (no amulet)
rElec   .            g - ring of wizardry
rCorr   .            k - ring of poison resistance
SInv    .            m - ring of positive energy
Will    .....        v - +6 ring of dexterity
Stlth   +++          (no ring)
HPRegen 0.29/turn    (no ring)
MPRegen 0.13/turn    (no ring)
                     (no ring)

%: wizardry (x1)
@: no status effects
A: almost no armour, amphibious, 8 rings, camouflage 1, gelatinous body 1,
(nimble swimmer 1), tentacles
a: Renounce Religion, Fiery Armour, Foxfire Swarm, Rising Flame


You were on level 5 of the Dungeon.
You worshipped Ignis.
Ignis was extremely pleased with you.
You visited 2 branches of the dungeon, and saw 6 of its levels.

You collected 222 gold pieces.

Inventory:

Hand Weapons
 a - a -1 mace of flaming (weapon)
 u - a +5 dagger
Missiles
 h - 6 poisoned darts (quivered)
 l - 11 boomerangs
 t - 3 javelins
Jewellery
 f - a ring of ice
 g - a ring of wizardry (left tentacle)
 k - a ring of poison resistance (right tentacle)
 m - a ring of positive energy (on tentacle)
 v - a +6 ring of dexterity (on tentacle)
Wands
 r - a wand of iceblast (13)
Scrolls
 o - 2 scrolls of blinking
 q - a scroll of poison
 s - 2 scrolls of fear
 w - 4 scrolls of teleportation {unknown}
 x - 3 scrolls of revelation
 y - a scroll of vulnerability {unknown}
 A - a scroll of amnesia {unknown}
 B - a scroll of immolation {unknown}
Potions
 b - 3 potions of lignification
 c - a potion of resistance {unknown}
 d - 5 potions of curing {unknown}
 e - a potion of attraction {unknown}
 i - 2 potions of might
 j - a potion of invisibility {unknown}
 n - 2 potions of heal wounds
 p - 3 potions of mutation
 z - a potion of enlightenment {unknown}


   Skills:
 + Level 4.0 Fighting
 + Level 4.0 Maces & Flails
 + Level 1.4 Dodging
 + Level 2.5 Stealth
 + Level 1.0 Unarmed Combat
 - Level 3.0 Spellcasting
 * Level 3.7 Conjurations
 - Level 2.0 Translocations
 + Level 8.0 Fire Magic


You had 8 spell levels left.
You knew the following spells:

 Your Spells              Type           Power      Damage    Failure   Level
a - Foxfire               Conj/Fire      84%        2x1d8     1%          1
b - Scorch                Fire           56%        2d7       1%          2
c - Blink                 Tloc           16%        N/A       4%          2

Your spell library contained the following spells:

 Spells                   Type           Power      Damage    Failure   Level
 Magic Dart               Conj           56%        1d5       1%          1
 Searing Ray              Conj           28%        2d5       2%          2
 Apportation              Tloc           16%        N/A       3%          1
 Call Imp                 Summ           4%         N/A       12%         2
 Jinxbite                 Hex            4%         N/A       12%         2
 Fulminant Prism          Conj/Alch      4%         3d5       32%         4
 Starburst                Conj/Fire      10%        6d5       67%         6
 Alistair's Intoxication  Alch           1%         N/A       87%         5
 Plasma Beam              Fire/Air       7%         2x1d18    89%         6


Dungeon Overview and Level Annotations

Branches:
Dungeon (5/15)             Temple (1/1) D:5

Altars:
Ashenzari
Cheibriados
Dithmenos
Elyvilon
Fedhas
Hepliaklqana
Kikubaaqudgha
Makhleb
Nemelex Xobeh
Okawaru
Qazlal
Ru
Wu Jian
Xom
Yredelemnul
The Shining One

Annotations:
D:4 1 runed translucent door, Crazy Yiuf
D:5 Edmund


Innate Abilities, Weirdness & Mutations

You cannot wear most types of armour.
You are amphibious.
You can wear up to eight rings at the same time.
Your skin changes colour to match your surroundings (Stealth+).
Your rubbery body absorbs attacks. (AC +1, EV +1)
((You are camouflaged when in or above water. (Stealth+)))
You have tentacles for arms and can constrict up to eight enemies at once.


Message History

Casting: Scorch (safe; 1% risk of failure)
Confirm with . or Enter, or press ? or * to list all spells.
Flames lash Edmund.
Edmund is heavily wounded.
Edmund's fire resistance burns away.
Edmund hits you with a +3 dire flail of venom.
Casting: Scorch (safe; 1% risk of failure)
Confirm with . or Enter, or press ? or * to list all spells.
Flames lash Edmund.
Edmund is burned terribly!
Edmund is severely wounded.
Edmund barely misses you.
Press: ? - help, v - describe, . - travel, g - get item
Here: Edmund, wielding a +3 dire flail of venom and wearing a +0 ring mail (severely wounded, more vulnerable to fire)
Items here: a +0 hand axe; an orc corpse.
The floor, spattered with blood.
You hit Edmund. You burn Edmund. You grab Edmund.
Edmund is almost dead.
You constrict Edmund, but do no damage.
Edmund hits you with a +3 dire flail of venom!
* * * LOW HITPOINT WARNING * * *
Unknown command.
Casting: Scorch (safe; 1% risk of failure)
Confirm with . or Enter, or press ? or * to list all spells.
Flames lash the orc.
The orc is heavily wounded.
The orc's fire resistance burns away.
You constrict Edmund.
Edmund hits you with a +3 dire flail of venom.
* * * LOW HITPOINT WARNING * * *
Casting: Scorch (safe; 1% risk of failure)
Confirm with . or Enter, or press ? or * to list all spells.
Flames lash Edmund.
Edmund is burned terribly!
Edmund is almost dead.
You constrict Edmund. Edmund closely misses you.
Unknown command.
You completely miss Edmund.
Edmund is almost dead.
You constrict Edmund.
Edmund hits you with a +3 dire flail of venom!
You die...
Edmund says, "I'd like to see a scythe do that!"

#...................
#............#.[>###
#.........#.####.#
#.........#.# #.#
#...).....#.# #.#
##.......##.####.###
##.....<.#.##.#....
#.....#.#.#...###.
#@#####.....#..##.
#####@# ##....#...#.
#(...o# ##..#.#.#...
#.....# ##....###....
#.....# ##..#...#...#.
#.....###....#.....#..
###.####..#####.>.####
#. ##....#.....#.. #.
##..#...#...#.


You could see Edmund (combustible) and an orc (combustible).

Vanquished Creatures
  Grinder (D:4)
  A water moccasin (D:5)
  An ice beast (D:5)
  3 ogres
  A centaur (D:5)
  A bullfrog (D:4)
  A scorpion (D:4)
  A bombardier beetle (D:5)
  A hound (D:5)
  3 orc priests
  2 sleepcaps
  A jelly (D:5)
  2 iguanas (D:5)
  Ijyb (D:3)
  2 orc wizards (D:4)
  The ghost of flammie80 the Trooper, a weakling FoMo of Wu Jian (D:4)
  Robin (D:3)
  3 gnolls
  10 adders
  A white imp (D:4)
  2 ufetubi (D:5)
  2 ribbon worms
  2 dart slugs (D:1)
  19 orcs
  8 ball pythons
  7 endoplasms
  A giant cockroach (D:2)
  4 goblins (D:3)
  6 hobgoblins
  6 jackals
  6 kobolds
  3 quokkas
  3 bats
  2 frilled lizards
  A rat (D:3)
110 creatures vanquished.

Vanquished Creatures (others)
  151 foxfires
151 creatures vanquished.

Grand Total: 261 creatures vanquished

Notes
Turn   | Place    | Note
-------+----------+-------------------------------------------
     0 | D:1      | monsoonserge the Octopode Cinder Acolyte began the quest
                  | for the Orb.
     0 | D:1      | Reached XP level 1. HP: 16/16 MP: 2/2
   203 | D:1      | Reached XP level 2. HP: 10/21 MP: 3/3
   503 | D:1      | Learned a level 2 spell: Scorch
   607 | D:1      | Found a faded altar of an unknown god.
   776 | D:1      | Reached XP level 3. HP: 24/26 MP: 1/4
  1400 | D:2      | Learned a level 1 spell: Foxfire
  1415 | D:2      | Reached skill level 1 in Stealth
  2116 | D:3      | Noticed Robin
  2116 | D:3      | Noticed Ijyb
  2191 | D:3      | Reached XP level 4. HP: 31/31 MP: 2/5
  2229 | D:3      | Killed Robin
  2229 | D:3      | Killed Ijyb
  2230 | D:3      | Reached skill level 1 in Unarmed Combat
  2355 | D:3      | Identified the +0 ring mail "Yfuesex" {Slay+3}
  2495 | D:3      | Reached XP level 5. HP: 30/36 MP: 4/7
  2671 | D:3      | Reached skill level 1 in Conjurations
  2746 | D:3      | Learned a level 2 spell: Blink
  2827 | D:3      | Reached skill level 4 in Fire Magic
  3146 | D:4      | Noticed Grinder
  3153 | D:4      | Killed Grinder
  3154 | D:4      | Reached skill level 1 in Translocations
  3154 | D:4      | Reached XP level 6. HP: 42/42 MP: 0/9
  3530 | D:4      | Found a runed translucent door.
  3536 | D:4      | Noticed flammie80's ghost (weakling FoMo)
  3542 | D:4      | Reached skill level 5 in Fire Magic
  3542 | D:4      | Reached XP level 7. HP: 46/46 MP: 1/10
  4028 | D:4      | Found a runed translucent door.
  4029 | D:4      | Noticed Crazy Yiuf
  4132 | D:4      | Killed flammie80's ghost
  4271 | D:5      | Entered Level 5 of the Dungeon
  4286 | D:4      | Reached skill level 6 in Fire Magic
  4424 | D:5      | Reached skill level 1 in Dodging
  4424 | D:5      | Reached XP level 8. HP: 54/54 MP: 7/12
  4890 | D:5      | Reached skill level 7 in Fire Magic
  5311 | D:5      | Found a staircase to the Ecumenical Temple.
  5318 | Temple   | Entered the Ecumenical Temple
  5650 | D:5      | Noticed Edmund
  5662 | D:5      | Reached skill level 8 in Fire Magic
  5670 | D:5      | Slain by Edmund

Illustrated notes

Levels and vault maps discovered:
D:1:      dpeg_arrival_renting, layout_loops_corners,
          dreamdust_ecumenical_altar_grove
D:2:      layout_basic
D:3:      layout_basic, nicolae_goblin_pals
D:4:      layout_cave_pools, ebering_ghost_sewer_d, reono_crystal_passage,
          uniq_crazy_yiuf_cottage, uniq_grinder
D:5:      layout_rooms, amethyst_overflow_temple_binary,
          minmay_temple_entry_arrows, kennysheep_windowed_goal, uniq_edmund
Temple:   lightli_temple_of_artemis

Skill      XL: |  1  2  3  4  5  6  7  8 |
---------------+-------------------------+-----
Stealth        | 1 2 |  2.5
Unarmed Combat | 1 |  1.0
Conjurations   | 1 2 3 |  3.7
Fire Magic     | 4 5 6 8 |  8.0
Spellcasting   | 2 3 |  3.0
Translocations | 1 2 |  2.0
Dodging        | 1 |  1.4
Maces & Flails | 4 |  4.0
Fighting       | 4 |  4.0

Action                     |  1- 3 |  4- 6 |  7- 9 || total
---------------------------+-------+-------+-------++-------
  Melee: Mace              |    43 |    25 |    32 ||   100
         Constrict         |     9 |     9 |    10 ||    28
         Tentacles         |     9 |    10 |     6 ||    25
         Punch             |       |     1 |     1 ||     2
   Cast: Scorch            |    10 |    23 |    55 ||    88
         Foxfire           |     6 |    40 |    46 ||    92
 Invoke: Fiery Armour      |       |     1 |       ||     1
    Use: Scroll            |       |       |     8 ||     8
   Stab: Sleeping          |     3 |       |       ||     3
 Armour: Skin              |    28 |    26 |    45 ||    99
  Dodge: Dodged            |    27 |    20 |    53 ||   100
